 Dungeon Crawl Stone Soup version 0.28.0-53-g5a82cb258f (webtiles) character file.

Game seed: 6785917628285207588

2105 bnorton916 the Destroyer (level 9, -2/45 HPs)
             Began as a Deep Elf Fire Elementalist on July 15, 2022.
             Was an Initiate of Gozag.
             Slain by an orc warrior
             ... wielding a +0 halberd
              (20 damage)
             ... in a bailey.
             The game lasted 00:13:06 (10221 turns).

bnorton916 the Destroyer (DEFE)                    Turns: 10221, Time: 00:13:07

Health: -2/45      AC:  7    Str:  7    XL:     9   Next: 7%
Magic:  13/20      EV: 13    Int: 23    God:    Gozag
Gold:   640        SH:  0    Dex: 18    Spells: 5/21 levels left

rFire   . . .      SeeInvis +   q - staff of conjuration
rCold   . . .      Faith    .   (no shield)
rNeg    . . .      Spirit   .   x - +1 robe of Evolution {*Slow rElec Will+ Dex+3}
rPois   .          Reflect  .   l - +0 helmet
rElec   +          Harm     .   (no cloak)
rCorr   .          Rampage  .   r - +1 pair of gloves
Will    +....                   n - +0 pair of boots
Stlth   ++........              (no amulet)
HPRegen 0.15/turn               o - ring of see invisible
MPRegen 0.17/turn               (no ring)

@: no status effects
A: no striking features
a: Renounce Religion, Potion Petition, Call Merchant, Bribe Branch


You were in a bailey.
You worshipped Gozag.
Gozag was pleased with you.
You visited 1 branch of the dungeon, and saw 7 of its levels.
You also visited: Bailey.

You collected 710 gold pieces.
You paid 70 gold pieces to Gozag.

Inventory:

Hand Weapons
 m - a +0 vorpal falchion
Missiles
 b - 377 stones
 i - 4 atropa-tipped darts
 j - 7 poisoned darts
Armour
 l - a +0 helmet (worn)
 n - a +0 pair of boots (worn)
 r - a +1 pair of gloves (worn)
 s - the +1 robe "Ekawiq" {rC+}
   (You took it off a goblin on level 4 of the Dungeon)

   rC:        It protects you from cold.
 t - a +1 ring mail of fire resistance
 x - the +1 robe of Evolution (worn) {*Slow rElec Will+ Dex+3}
   (You took it off an orc on level 4 of the Dungeon)

   Dex:       It affects your dexterity (+3).
   rElec:     It insulates you from electricity.
   *Slow:     It may slow you when you take damage.
   Will:      It increases your willpower.
Magical Staves
 a - a staff of fire
 q - a staff of conjuration (weapon)
Jewellery
 o - a ring of see invisible (left hand)
Scrolls
 c - a scroll of teleportation
 e - a scroll of vulnerability
 f - a scroll of blinking {unknown}
 g - 4 scrolls of noise
 u - 2 scrolls of amnesia {unknown}
 w - a scroll of fog {unknown}
Potions
 h - 4 potions of curing
 k - 2 potions of brilliance
 v - a potion of flight {unknown}
 z - a potion of lignification {unknown}


   Skills:
 - Level 2.4 Dodging
 - Level 2.4 Stealth
 - Level 6.6 Spellcasting
 + Level 9.4 Conjurations
 - Level 5.2 Translocations
 + Level 6.3 Fire Magic


You had 5 spell levels left.
You knew the following spells:

 Your Spells              Type           Power      Damage    Failure   Level
a - Foxfire               Conj/Fire      100%       2x1d9     1%          1
b - Scorch                Fire           74%        2d9       1%          2
c - Conjure Flame         Conj/Fire      60%        6-21      1%          3
d - Iskenderun's Mystic   Conj/Tloc      58%        2d12      4%          4
e - Starburst             Conj/Fire      30%        6d9       43%         6

Your spell library contained the following spells:

 Spells                   Type           Power      Damage    Failure   Level
 Static Discharge         Conj/Air       43%        N/A       1%          2
 Gell's Gravitas          Tloc           31%        N/A       2%          3
 Teleport Other           Tloc           31%        N/A       2%          3
 Dazzling Flash           Conj/Hex       86%        N/A       3%          3
 Flame Wave               Conj/Fire      60%        2d12      3%          4
 Inner Flame              Hex/Fire       22%        N/A       6%          3
 Beastly Appendage        Tmut           14%        N/A       9%          1
 Wereblood                Tmut           7%         N/A       12%         2
 Frozen Ramparts          Ice            14%        1d3       24%         3
 Spider Form              Tmut/Pois      7%         N/A       24%         3
 Lightning Bolt           Conj/Air       21%        1d36      32%         5
 Ice Form                 Ice/Tmut       7%         N/A       63%         4
 Summon Ice Beast         Ice/Summ       7%         N/A       63%         4
 Dispersal                Tloc           15%        N/A       82%         6
 Maxwell's Capacitive Co  Air            3%         ∞         100%        8


Dungeon Overview and Level Annotations

Branches:
Dungeon (7/15)             Temple (0/1) D:7          Bailey (1/1)

Altars:
Elyvilon
Gozag
Qazlal
Sif Muna
Trog
Xom


Message History

Confirm with . or Enter, or press ? or * to list all spells.
You feel a surge of power!
You conjure some foxfire!
The orc warrior shouts!
Casting: Foxfire (safe; 1% risk of failure)
Confirm with . or Enter, or press ? or * to list all spells.
You feel a surge of power!
You conjure some foxfire!
The foxfire hits the orc warrior.
The orc warrior is lightly wounded.
The foxfire hits the orc warrior.
The orc warrior is moderately wounded.
The foxfire hits the orc warrior but does no damage.
The orc warrior is moderately wounded.
The foxfire hits the orc warrior but does no damage.
The orc warrior is moderately wounded.
Casting: Foxfire (safe; 1% risk of failure)
Confirm with . or Enter, or press ? or * to list all spells.
Flames lash the orc warrior.
The orc warrior is moderately wounded.
The orc warrior's fire resistance burns away.
The orc warrior completely misses you.
The orc warrior hits you from afar with a +0 halberd.
Casting: Scorch (safe; 1% risk of failure)
Confirm with . or Enter, or press ? or * to list all spells.
Okay, then.
Casting: Scorch (safe; 1% risk of failure)
Confirm with . or Enter, or press ? or * to list all spells.
Okay, then.
Casting: Scorch (safe; 1% risk of failure)
Confirm with . or Enter, or press ? or * to list all spells.
Okay, then.
Casting: Scorch (safe; 1% risk of failure)
Confirm with . or Enter, or press ? or * to list all spells.
Flames lash the orc warrior.
The orc warrior is burned terribly!
The orc warrior is heavily wounded.
The orc warrior hits you from afar with a +0 halberd!!
The orc warrior hits you from afar with a +0 halberd.
Unknown command.
The orc warrior hits you from afar with a +0 halberd!!
You die...
Your body crumbles into a pile of gold.

##.)∩..##
#.......#
#∩)..).∩#
#......)#
#.....).#
#..#.#..#
#.##8##.#
#..#.#).#
#..@....#
#.......#
#...o...#
##..$..##
###$###
#...#
#.$.#
#...#
#...#


You could see an orc warrior (combustible).

Vanquished Creatures
  A shadow (D:6)
  A water moccasin (D:5)
  3 ice beasts
  A necrophage (D:4)
  An orc warrior (Bailey)
  3 black bears
  2 ogres
  A centaur (D:5)
  3 scorpions
  A water moccasin zombie (D:5)
  A centaur zombie (D:6)
  A bullfrog skeleton (D:5)
  3 centaur skeletons
  2 hounds (D:5)
  2 gnoll shamans
  2 orc priests
  A hound skeleton (D:4)
  11 gnolls
  9 adders
  A shadow imp (D:6)
  An adder skeleton (D:4)
  A worm (D:2)
  A dart slug (D:4)
  27 orcs
  3 endoplasms
  A giant cockroach (D:1)
  7 goblins
  3 hobgoblins
  4 jackals
  2 kobolds (D:3)
  A quokka (D:3)
  2 ball pythons
  A frilled lizard (D:3)
  4 rats
108 creatures vanquished.

Vanquished Creatures (collateral kills)
  12 foxfires (D:1)
12 creatures vanquished.

Vanquished Creatures (others)
  396 foxfires
  8 plants (D:1)
404 creatures vanquished.

Grand Total: 524 creatures vanquished

Notes
Turn   | Place    | Note
-------+----------+-------------------------------------------
     0 | D:1      | bnorton916 the Deep Elf Fire Elementalist began the quest
                  | for the Orb.
     0 | D:1      | Reached XP level 1. HP: 10/10 MP: 6/6
   385 | D:1      | Found a faded altar of an unknown god.
  1083 | D:2      | Reached XP level 2. HP: 15/15 MP: 6/8
  1735 | D:2      | Reached skill level 2 in Conjurations
  2176 | D:3      | Reached XP level 3. HP: 19/19 MP: 7/10
  2337 | D:3      | Reached XP level 4. HP: 24/24 MP: 8/12
  2490 | D:3      | Found a stormy altar of Qazlal.
  2490 | D:3      | Found a shimmering altar of Xom.
  2498 | D:3      | Found a white marble altar of Elyvilon.
  2500 | D:3      | Found a shimmering blue altar of Sif Muna.
  2502 | D:3      | Found a faded altar of an unknown god.
  2794 | D:3      | Noticed a black bear
  2800 | D:3      | Killed a black bear
  2801 | D:3      | Reached skill level 3 in Conjurations
  2801 | D:3      | Reached XP level 5. HP: 28/28 MP: 10/14
  2804 | D:3      | Learned a level 2 spell: Scorch
  2808 | D:3      | Learned a level 3 spell: Conjure Flame
  3011 | D:3      | Reached skill level 5 in Spellcasting
  3126 | D:4      | Noticed a black bear
  3372 | D:4      | Reached skill level 5 in Fire Magic
  3572 | D:4      | Reached XP level 6. HP: 32/32 MP: 6/16
  3604 | D:3      | Reached skill level 4 in Conjurations
  4253 | D:4      | Learned a level 4 spell: Iskenderun's Mystic Blast
  4260 | D:4      | Learned a level 6 spell: Starburst
  4398 | D:4      | Identified the +1 robe of Evolution {*Slow rElec Will+
                  | Dex+3}
  4577 | D:4      | Reached skill level 1 in Translocations
  4577 | D:4      | Reached XP level 7. HP: 36/36 MP: 11/18
  4981 | D:4      | Identified the +1 robe "Ekawiq" {rC+}
  5355 | D:5      | Entered Level 5 of the Dungeon
  5643 | D:5      | Reached skill level 5 in Conjurations
  5980 | D:5      | Found an opulent altar of Gozag.
  5985 | D:5      | Became a worshipper of Gozag Ym Sagoz the Greedy
  6423 | D:5      | Reached skill level 6 in Conjurations
  6423 | D:5      | Reached XP level 8. HP: 41/41 MP: 14/19
  7540 | D:5      | Reached skill level 7 in Conjurations
  7540 | D:5      | Reached skill level 5 in Translocations
  8258 | D:6      | Reached skill level 8 in Conjurations
  9543 | D:6      | Reached skill level 9 in Conjurations
  9849 | D:7      | Reached XP level 9. HP: 42/45 MP: 14/20
  9902 | D:7      | Found a bloodstained altar of Trog.
  9924 | D:7      | Found a flagged portal.
  9933 | Bailey   | Entered a bailey
 10221 | Bailey   | Slain by an orc warrior

Illustrated notes

Levels and vault maps discovered:
D:1:      saegor_arrival_simple_a, layout_rooms, shapermc_ecumenical_altar_gd,
          minmay_misc_feat_alley, serial_bayou_lagoon_a, minmay_fountain_box
D:2:      layout_basic, grunt_ministairs_12
D:3:      layout_basic, chequers_temple_overflow_minitemple
D:4:      layout_basic, nicolae_zen_rock_garden
D:5:      layout_basic, mainiacjoe_overflow_alcove_1
D:6:      layout_loops_ring, serial_park_tiny_pond, serial_park_tiny_2,
          item_on_display_a
D:7:      layout_basic, general_overflow_altar,
          lemuel_mausoleum_altar_kikubaaqudgha, minmay_temple_entry_fiery,
          enter_bailey_2, uniq_maggie
Bailey:   bailey_polearm_5, bailey

Skill      XL: |  1  2  3  4  5  6  7  8 |
---------------+-------------------------+-----
Conjurations   | 2 3 4 6 9 |  9.4
Spellcasting   | 4 5 6 |  6.6
Fire Magic     | 4 5 6 |  6.3
Translocations | 1 3 5 |  5.2
Dodging        | |  2.4
Stealth        | |  2.4

Action                   |  1- 3 |  4- 6 |  7- 9 || total
-------------------------+-------+-------+-------++-------
Melee: Unarmed           |    16 |       |       ||    16
 Cast: Foxfire           |    76 |    82 |    89 ||   247
       Scorch            |       |    15 |    44 ||    59
       Conjure Flame     |       |     5 |     5 ||    10
       Iskenderun's Myst |       |       |     2 ||     2
  Use: Scroll            |       |       |    11 ||    11
Armor: Robe              |     2 |     8 |    17 ||    27
Dodge: Dodged            |    16 |    17 |    32 ||    65
